Unix NetHack Version 5.0.0-0 post-release - last build May  4 2026 22:22:43 (774f63e81ad911689b3a0859ea89b322d5daca8d,branch:main).

Game began 2026-05-09 21:45:52, ended 2026-05-09 21:55:24.

Kwijibo4686, neutral female human Valkyrie

                                                     ------         ----------
                                                     |....|         |........|
                                                 ####.....|        #+........|
                                 -------------####   -.--.-     ####|.<......|
          ------                 |C.........C|#       #% ##    ##   -------.--
          |....|                 |.....C.....|#        #  #    #       #####
          |....|                 |...---.-...|#        #  ###  #     ###
          |....|                 |...| {.|...|#        #    #  #     @
          |....|                 |..C|{.{|C..|#        #############dZ#
          |....-###              |...|.{.|...|#     ######      ########
          ------  #              |...-----...|)     #----.-    --------.-
                  #              |.....C.....|#     #|....|    |........|
                  ###########    |C.........C-#######|..^.|    |..>.....|
                            ##   -------------#      |....|    |...*....|
                             ###)%#%###########      |..(.|    |........|
                                                     |....|    |........|
                                                     ------    ----------

Kwijibo4686 the Skirmisher  St:16 Dx:16 Co:18 In:8 Wi:8 Ch:10  Neutral
Dlvl:5  $:0  HP:0(54) Pw:9(9) AC:9  Xp:5 T:1661 

Latest messages:
 Your movements are now unencumbered.
 The orc shaman points all around, then curses.
 You hit the elf zombie.
 The elf zombie hits!
 The orc shaman points all around, then curses.
 You see here a spear.
 You miss the elf zombie.
 The air crackles around the orc shaman.
 What do you want to wield? [- b or ?*] ?
 What do you want to wield? [- b or ?*] <space>
 Never mind.
 What do you want to wear? [x or ?*] x
 The oilskin cloak fits very tightly.
 You are now wearing an oilskin cloak.
 The orc shaman points all around, then curses.
 You miss the elf zombie.
 The elf zombie hits!
 You hit the elf zombie.
 The elf zombie hits!
 You hit the elf zombie.
 You hit the elf zombie.
 The elf zombie hits!
 You destroy the elf zombie!
 You hit the orc shaman.
 The orc shaman points at you, then curses.
 You miss the orc shaman.
 The orc shaman points at you, then curses.
 You miss the orc shaman.
 The orc shaman points all around, then curses.
 You hear water falling on coins.
 You hit the orc shaman.
 The orc shaman points all around, then curses.
 You hit the orc shaman.
 The orc shaman points all around, then curses.
 You miss the orc shaman.
 It hits the orc shaman.
 The orc shaman is killed!
 The elf zombie hits!
 You hit the elf zombie.
 The fox bites!
 The elf zombie hits!
 You hit the elf zombie.
 The fox bites!
 You hit the elf zombie.
 The fox bites!
 The elf zombie hits!
 You hit the elf zombie.
 The fox bites!
 You die...
 Do you want your possessions identified? [ynq] (y) q

Inventory:
 Weapons  (')')
  b - a +0 dagger (alternate weapon; not wielded)
 Armor    ('[')
  x - an uncursed +0 oilskin cloak (being worn)
 Comestibles  ('%')
  p - an uncursed slime mold
  d - 2 uncursed food rations
  i - an uncursed tripe ration
 Scrolls  ('?')
  h - 2 uncursed scrolls of blank paper
  m - a cursed scroll of confuse monster
  j - a cursed scroll of fire
  k - a blessed scroll of identify
  f - an uncursed scroll of magic mapping
 Potions  ('!')
  v - an uncursed potion of booze
  s - an uncursed potion of confusion
  n - an uncursed potion of healing
  l - an uncursed potion of paralysis
  y - an uncursed potion of see invisible
 Rings    ('=')
  t - a cursed ring of shock resistance
 Wands    ('/')
  r - a wand of nothing (0:13)
 Tools    ('(')
  q - an uncursed lock pick
  e - an uncursed oil lamp

Kwijibo4686 the Valkyrie's attributes:

Background:
 You were a Skirmisher, a level 5 human Valkyrie.
 You were neutral, nominally on a mission for Odin
 who was opposed by Tyr (lawful) and Loki (chaotic).
 You were right-handed.
 You were in the Dungeons of Doom, on level 5.
 You entered the dungeon 1661 turns ago.
 You had 280 experience points, 40 more were needed to attain level 6.

Basics:
 You had 0 out of 54 hit points.
 You had all 9 energy points (spell power).
 Your armor class was 9.
 Your wallet was empty.
 Autopickup was on for '$?!/="' plus thrown.

Final Characteristics:
 Your strength was 16 (limit:18/100).
 Your dexterity was 16 (limit:18).
 Your constitution was 18 (limit:18).
 Your intelligence was 8 (limit:18).
 Your wisdom was 8 (limit:18).
 Your charisma was 10 (limit:18).

Final Status:
 You weren't hungry.
 You were unencumbered.
 You were bare handed.
 You were unskilled in bare handed combat.

Final Attributes:
 You were devoutly aligned.
 You were cold resistant.
 You were level-drain resistant.
 You were stealthy.
 You aggravated monsters.
 You were guarded.
 You were a werejackal.
 You were harmed by silver.
 You were extremely unlucky.
 You are dead.

Miscellaneous:
 You didn't encounter any bones levels.
 Total elapsed playing time was 9 minutes and 32 seconds.

Major events:
 Turn
    1: Kwijibo4686 the neutral human Valkyrie entered the dungeon
  587: attained the rank of Skirmisher (level 3)
 1661: killed by a fox

You didn't know any spells.

Skills:
 Fighting Skills
   bare handed combat [Unskilled]
   two weapon combat  [Unskilled]
   riding             [Unskilled]
 Weapon Skills
   dagger             [Basic]
   axe                [Unskilled]
   pick-axe           [Unskilled]
   short sword        [Unskilled]
   broadsword         [Unskilled]
   long sword         [Unskilled]
   two-handed sword   [Unskilled]
   saber              [Unskilled]
   hammer             [Unskilled]
   quarterstaff       [Unskilled]
   polearms           [Unskilled]
   spear              [Basic]
   trident            [Unskilled]
   lance              [Unskilled]
   sling              [Unskilled]
 Spellcasting Skills
   attack spells      [Unskilled]
   escape spells      [Unskilled]

Voluntary challenges:
 Character rerolling was not enabled.
 You were an atheist.
 You were illiterate.
 You never genocided any monsters.
 You never polymorphed an object.
 You used no wishes.
Achievement:
 You attained the rank of Skirmisher.

 The Dungeons of Doom: levels 1 to 6
    Level 1:
       A fountain.
    Level 2:
       A fountain.
    Level 3:
       A grave.
    Level 4:
       A fountain.
    Level 5: <- You were here.
       Many fountains.
       Final resting place for
          you, killed by a fox.
    Level 6:
       A fountain.


Vanquished creatures:
 an orc shaman
  7 fog clouds
  a shrieker
  a guardian naga hatchling
 an elf zombie
  3 giant bats
  a monkey
  a werejackal
  a coyote
  a gas spore
  a large kobold
  a hobgoblin
  a brown mold
  4 geckos
  8 jackals
  a kobold
  2 goblins
  4 grid bugs
  2 lichens
  2 kobold zombies
  4 newts
48 creatures vanquished.

No species were genocided or became extinct.

Game over:
                       ----------
                      /          \
                     /    REST    \
                    /      IN      \
                   /     PEACE      \
                  /                  \
                  |   Kwijibo4686    |
                  |       0 Au       |
                  | killed by a fox  |
                  |                  |
                  |                  |
                  |                  |
                  |       2026       |
                 *|     *  *  *      | *
        _________)/\\_//(\/(/\)/\//\/|_)_______

Farvel Kwijibo4686 the Valkyrie...

You died in The Dungeons of Doom on dungeon level 5 with 1370 points,
and 0 pieces of gold, after 1661 moves.
You were level 5 with a maximum of 54 hit points when you died.

